 Dungeon Crawl Stone Soup version 0.28.0 (console) character file.

Game seed: 12507466676211586237

3762 jejorda2 the Slicer (level 10, 0/53 HPs)
             Began as a Vine Stalker Berserker on Feb 12, 2022.
             Was a Priest of Trog.
             Succumbed to poison (poison gas)
             ... on level 5 of the Dungeon.
             The game lasted 00:18:57 (6799 turns).

jejorda2 the Slicer (Vine Stalker Berserker)        Turns: 6799, Time: 00:18:58

Health: 0/53       AC: 14    Str: 23    XL:     10   Next: 15%
Magic:  3/11       EV:  8    Int:  7    God:    Trog [***...]
Gold:   227        SH:  0    Dex: 15    Spells: 9/9 levels left

rFire   . . .      SeeInvis .   a - +3 dagger (venom)
rCold   . . .      Faith    .   (no shield)
rNeg    . . .      Spirit   +   u - +0 plate armour
rPois   .          Reflect  .   b - +2 hat
rElec   .          Harm     .   (no cloak)
rCorr   .          Rampage  .   (no gloves)
Will    +++..                   (no boots)
Stlth   ..........              i - amulet of the acrobat
HPRegen 1.97/turn               (no ring)
MPRegen 0.12/turn               (no ring)

@: lethally poisoned (0 -> -5), strong-willed, regenerating
A: fangs 3, regeneration 1, magic shield, antimagic bite, no potion heal 2
a: Renounce Religion, Berserk, Trog's Hand


You were on level 5 of the Dungeon.
You worshipped Trog.
Trog was most pleased with you.
You visited 1 branch of the dungeon, and saw 8 of its levels.
You also visited: Sewer.

You collected 325 gold pieces.
You spent 98 gold pieces at shops.

Inventory:

Hand Weapons
 a - a +3 dagger of venom (weapon)
Missiles
 c - 438 stones (quivered)
 e - 12 poisoned darts
 m - a curare-tipped dart
Armour
 b - a +2 hat (worn)
 r - a +0 helmet
 u - a +0 plate armour (worn)
Jewellery
 i - an amulet of the acrobat (around neck)
Wands
 s - a wand of polymorph (11)
Scrolls
 g - a scroll of brand weapon
 h - a scroll of fear
 l - a scroll of magic mapping
 n - 3 scrolls of teleportation
 p - a scroll of summoning
 q - a scroll of identify
 x - a scroll of blinking
Potions
 d - a potion of invisibility {unknown}
 f - 2 potions of resistance
 j - 2 potions of mutation
 k - a potion of might
 o - 3 potions of heal wounds {unknown}
 t - 3 potions of lignification {unknown}
 v - a potion of haste
 w - 2 potions of brilliance {unknown}
 z - a potion of cancellation {unknown}


   Skills:
 - Level 6.0 Fighting
 - Level 10.0 Short Blades
 + Level 1.4 Throwing
 - Level 6.0 Armour
 * Level 2.7 Dodging
 + Level 1.3 Evocations


You had 9 spell levels left.
You didn't know any spells.
Your spell library was empty.

Dungeon Overview and Level Annotations

Branches:
Dungeon (8/15)             Temple (0/1) D:7           Sewer (visited)
   Lair: D:8-11

Altars:
Uskayaw

Shops:
D:6 *   D:7 *

Annotations:
D:5 1 transporter


Innate Abilities, Weirdness & Mutations

You have razor-sharp teeth.
Your natural rate of healing is unusually fast.
When hurt, damage is shared between your health and your magic reserves.
Your bite disrupts and absorbs the magic of your enemies.
Potions cannot restore your health.


Message History

No target in view!
No target in view!
n - 3 scrolls of teleportation (gained 1)
Found a robe.
Found a transporter.
Found a dagger.
You see here a +0 dagger.
Partly explored, unvisited transporter.
Partly explored, unvisited transporter.
Search for what [Enter for "."]? .
There is a transporter here.
You enter the transporter and appear at another place.
f - 2 potions of resistance (gained 1)
There are no items here.
You open the gate.
You are engulfed in poison gas.
You are poisoned.
You feel very sick.
There is an open gate here.
You feel very sick.
You close the gate.
You are engulfed in poison gas.
You are more poisoned.
You feel very sick.
The ogre zombie hits you with a +0 giant club of venom.
You are more poisoned.
You are engulfed in poison gas.
You are more poisoned.
You feel extremely sick.
The orc warrior zombie completely misses you.
You feel extremely sick.
The ogre zombie hits you with a +0 giant club of venom!
* * * LOW HITPOINT WARNING * * *
* * * LOW HITPOINT WARNING * * *
You feel very sick.
You see here 20 gold pieces.
You now have 227 gold pieces (gained 20).
* * * LOW HITPOINT WARNING * * *
You feel very sick.
Okay, then.
Your skin crawls.
You feel strong-willed.
You die...

........###.##°○#©#.○##.#...#
........# #.##°°...○°##.#.#.#
........# #.##○.#.#☼°##.#.#.#####
........# #.##○....○.##.#........
........# #.####+++####.#........
........# #.#°○☼○°☼○°☼#..........
........# #.#○○°°☼○○☼°###........
........# #.#○☼○ZZ.☼°☼# #........
........# #.#°°☼@$$○○☼# #........
........# #.#○○°)©$°☼○# #........
........###.#############........
.................©.#...##........
#####..............#.#...........
#....[.........#.#####.......
#...........##...# #.......
#........######### #.......
#........# #########.#


You could see an orc warrior zombie and an ogre zombie.

Vanquished Creatures
  A hydra (D:7)
  Pikel (D:4)
  A centaur zombie (D:7)
  A troll (D:7)
  An acid dragon (D:7)
  An orc warrior (D:7)
  A black bear (D:4)
  4 ice beasts
  A sky beast (D:7)
  An ogre (D:5)
  A necrophage (D:5)
  A centaur (D:5)
  A phantom (D:5)
  2 kobold brigands
  A bullfrog (D:7)
  6 killer bees (D:7)
  A jelly (D:4)
  3 orc priests
  3 hounds
  An iguana (D:4)
  2 orc wizards
  A hound zombie (D:5)
  A hound skeleton (D:4)
  Robin (D:3)
  13 adders
  4 river rats (Sewer)
  A shadow imp (D:7)
  A white imp (D:6)
  An ufetubus (D:5)
  2 adder skeletons
  4 worms
  2 dart slugs
  14 orcs
  4 bats
  5 endoplasms
  4 giant cockroaches
  12 goblins
  9 hobgoblins
  4 jackals
  16 kobolds
  2 quokkas (D:1)
  12 ball pythons
  10 frilled lizards
  13 rats
171 creatures vanquished.

Vanquished Creatures (others)
  17 plants (Sewer)
17 creatures vanquished.

Grand Total: 188 creatures vanquished

Notes
Turn   | Place    | Note
-------+----------+-------------------------------------------
     0 | D:1      | jejorda2 the Vine Stalker Berserker began the quest for the
                  | Orb.
     0 | D:1      | Reached XP level 1. HP: 11/11 MP: 2/2
   619 | D:1      | Reached skill level 3 in Short Blades
   619 | D:1      | Reached XP level 2. HP: 16/16 MP: 3/3
  1204 | D:1      | Reached XP level 3. HP: 18/20 MP: 4/4
  1608 | D:2      | Reached ** piety under Trog
  1946 | D:2      | Gained mutation: Your natural rate of healing is unusually
                  | fast. [Vine Stalker growth]
  1946 | D:2      | Reached XP level 4. HP: 24/24 MP: 5/5
  2589 | D:3      | Noticed an ice beast
  2676 | D:3      | Killed an ice beast
  2677 | D:3      | Reached skill level 4 in Short Blades
  2677 | D:3      | Reached XP level 5. HP: 28/28 MP: 6/6
  2779 | D:3      | Reached XP level 6. HP: 33/33 MP: 5/7
  2800 | D:3      | Found a glowing drain.
  2807 | Sewer    | Entered a sewer
  3050 | Sewer    | Reached skill level 5 in Short Blades
  3862 | D:3      | Noticed Robin
  3871 | D:3      | Killed Robin
  3927 | D:3      | Reached XP level 7. HP: 37/37 MP: 6/8
  3929 | D:3      | Reached *** piety under Trog
  4554 | D:4      | Noticed Pikel
  4575 | D:4      | Killed Pikel
  4576 | D:4      | Reached skill level 5 in Fighting
  4576 | D:4      | Reached skill level 6 in Short Blades
  4576 | D:4      | Gained mutation: You have razor-sharp teeth. [Vine Stalker
                  | growth]
  4576 | D:4      | Reached XP level 8. HP: 43/43 MP: 9/9
  5009 | D:5      | Entered Level 5 of the Dungeon
  5079 | D:5      | Reached skill level 7 in Short Blades
  5096 | D:5      | Found a hide-covered altar of Uskayaw.
  5256 | D:5      | Found a transporter.
  5483 | D:5      | You fall into a shaft and drop 3 floors!
  5499 | D:7      | Reached XP level 9. HP: 48/48 MP: 8/10
  5613 | D:7      | Found Pimn's Assorted Antiques.
  5635 | D:7      | Reached skill level 8 in Short Blades
  5635 | D:7      | Reached skill level 5 in Armour
  5654 | D:7      | HP: 1/48 [poisoned by a kobold]
  5697 | D:7      | Bought a scroll labelled KOFAELLOGIE for 20 gold pieces
  5697 | D:7      | Bought a fuming inky potion for 18 gold pieces
  5745 | D:7      | Found a staircase to the Ecumenical Temple.
  5844 | D:7      | Noticed a troll
  5855 | D:7      | Killed a troll
  5942 | D:7      | Reached skill level 9 in Short Blades
  6038 | D:7      | Noticed an eight-headed hydra
  6045 | D:7      | Killed an eight-headed hydra
  6145 | D:7      | Reached skill level 10 in Short Blades
  6145 | D:7      | Reached XP level 10. HP: 51/53 MP: 11/11
  6212 | D:7      | Reached skill level 1 in Throwing
  6212 | D:7      | Reached skill level 1 in Evocations
  6500 | D:6      | Found Jieckiur's Assorted Antiques.
  6503 | D:6      | Bought an orange potion for 20 gold pieces
  6503 | D:6      | Bought a glowing grey potion for 20 gold pieces
  6503 | D:6      | Bought a ruby potion for 20 gold pieces
  6616 | D:5      | Found a transporter.
  6798 | D:5      | HP: 2/53 [poison (poison gas)]
  6799 | D:5      | Succumbed to poison (poison gas)

Illustrated notes

Levels and vault maps discovered:
D:1:      dpeg_arrival_chambers_temple_mockup, layout_rooms
D:2:      layout_loops_corners
D:3:      layout_loops_ring, lightli_sewer_entry_pipes, kennysheep_cross_room,
          uniq_robin
D:4:      layout_cave_pools, kennysheep_generic_room_8, uniq_pikel
D:5:      gammafunk_cloud_chamber, layout_basic, eat_drink_and_be_merry_uskayaw
D:6:      layout_loops_ring, serial_shops, nicolae_stop_n_shop_1,
          kennysheep_opposing_triangles, uniq_sigmund
D:7:      layout_rooms, minmay_temple_entry_butterflies, serial_shops,
          shop_fountains, wad_mini_maze
D:8:      layout_gridville, st_stairs_5

Skill      XL: |  1  2  3  4  5  6  7  8  9 10 |
---------------+-------------------------------+-----
Short Blades   | 3 4 5 6 7 10 | 10.0
Fighting       | 3 4 5 6 |  6.0
Armour         | 2 3 4 6 |  6.0
Throwing       | 1 |  1.4
Dodging        | 2 |  2.7
Evocations     | 1 |  1.3

Action                   |  1- 3 |  4- 6 |  7- 9 | 10-12 || total
-------------------------+-------+-------+-------+-------++-------
Melee: Short sword       |    63 |   120 |       |       ||   183
       Dagger            |    14 |    80 |   241 |    32 ||   367
       Bite              |    15 |    53 |    68 |    18 ||   154
       Punch             |       |     2 |     6 |       ||     8
Throw: Stone             |    19 |       |     4 |       ||    23
Invok: Berserk           |     2 |     2 |     7 |       ||    11
       Trog's Hand       |       |     1 |       |     1 ||     2
  Use: Scroll            |       |     3 |    11 |       ||    14
       Potion            |       |     1 |     1 |       ||     2
 Stab: Sleeping          |     1 |     1 |       |       ||     2
Armor: Animal skin       |    11 |       |       |       ||    11
       Scale mail        |       |    70 |     3 |       ||    73
       Chain mail        |       |       |    78 |       ||    78
       Plate armour      |       |       |     9 |    18 ||    27
Dodge: Dodged            |    39 |    85 |    83 |     6 ||   213
